 Dungeon Crawl Stone Soup version 0.29.1-1-gd02db69 (webtiles) character file.

Game seed: 13084817057903085295

591 Timinator the Insei (level 6, 0/49 HPs)
             Began as a Demigod Transmuter on Dec 22, 2022.
             Slain by an iguana (10 damage)
             ... on level 5 of the Dungeon.
             The game lasted 00:18:04 (5749 turns).

Timinator the Insei (Demigod Transmuter)            Turns: 5749, Time: 00:18:05

Health: 0/49       AC:  2    Str: 15    XL:     6   Next: 93%
Magic:  11/13      EV: 13    Int: 15    God:
Gold:   196        SH:  0    Dex: 18    Spells: 7/10 levels left

rFire   + . .      SeeInvis .     - Unarmed
rCold   + . .      Faith    .   (no shield)
rNeg    . . .      Spirit   .   c - +0 robe
rPois   .          Reflect  .   (helmet currently unavailable)
rElec   .          Harm     .   i - scarf {rC+ rF+}
rCorr   .          Rampage  .   (no gloves)
Will    .....                   (boots currently unavailable)
Stlth   ++........              (no amulet)
HPRegen 0.16/turn               (no ring)
MPRegen 0.13/turn               (no ring)

@: appendages (expiring), wereblooded
A: horns 2, talons 2, high MP 1, forlorn, divine attributes
a: End Transformation


You were on level 5 of the Dungeon.
You had temporarily grown beastly horns and talons.
You visited 1 branch of the dungeon, and saw 5 of its levels.

You collected 196 gold pieces.

Inventory:

Missiles
 d - 4 throwing nets
Armour
 c - a +0 robe (worn)
 f - a +0 helmet (melded)
 i - a scarf of resistance (worn)
 j - a +0 ring mail
 m - a +0 cloak
Wands
 o - a wand of digging (5)
Scrolls
 a - a scroll of noise {unknown}
 h - a scroll of magic mapping {unknown}
 k - a scroll of silence {unknown}
 l - 3 scrolls of fear {unknown}
 p - a scroll of poison {unknown}
 q - a scroll of enchant weapon {unknown}
 r - a scroll of blinking {unknown}
 t - a scroll of enchant armour {unknown}
Potions
 b - a potion of heal wounds
 e - a potion of lignification
 g - a potion of flight
 n - 3 potions of resistance
 s - 3 potions of curing {unknown}


   Skills:
 * Level 2.3 Fighting
 * Level 2.1 Armour
 * Level 3.5 Dodging
 + Level 4.0 Unarmed Combat
 + Level 2.9 Spellcasting
 * Level 3.7 Transmutations


You had 7 spell levels left.
You knew the following spells:

 Your Spells              Type           Power      Damage    Failure   Level
a - Beastly Appendage     Tmut           26%        N/A       4%          1
b - Wereblood             Tmut           13%        N/A       7%          2

Your spell library contained the following spells:

 Spells                   Type           Power      Damage    Failure   Level
 Spider Form              Tmut/Pois      7%         N/A       28%         3
 Call Canine Familiar     Summ           2%         N/A       52%         3
 Portal Projectile        Hex/Tloc       4%         N/A       52%         3
 Ice Form                 Ice/Tmut       7%         N/A       67%         4
 Leda's Liquefaction      Hex/Erth       1%         N/A       90%         4
 Malign Gateway           Summ/Tloc      1%         N/A       100%        7
 Summon Horrible Things   Summ           1%         N/A       100%        8


Dungeon Overview and Level Annotations

Branches:
Dungeon (5/15)
 Temple: D:4-7

Annotations:
D:2 1 runed translucent door, Crazy Yiuf


Innate Abilities, Weirdness & Mutations

You have temporarily grown beastly horns and talons.
You have an increased reservoir of magic. (+10% MP)
You shall have no god before yourself.
Your divine heritage dramatically boosts your attributes as you level up.


Message History

Casting: Beastly Appendage (safe; 4% risk of failure)
Confirm with . or Enter, or press ? or * to list all spells.
Your blood is infused with primal strength.
You closely miss the iguana. You claw the iguana, but do no damage.
You punch the iguana.
The iguana is lightly wounded.
The iguana closely misses you.
You hit the iguana. You claw the iguana, but do no damage.
The iguana is moderately wounded.
The iguana bites you.
You hit the iguana but do no damage.
The iguana is moderately wounded.
The iguana bites you!
You hit the iguana but do no damage. Your kick misses the iguana.
The iguana is moderately wounded.
Your transformation is almost over.
The iguana bites you but does no damage.
You hit the iguana but do no damage. Your kick misses the iguana.
The iguana is moderately wounded.
The iguana barely misses you. The orc barely misses you.
You hit the orc. Your kick misses the orc. You punch the orc.
The orc is heavily wounded.
The orc blocks your attack.
You claw the orc.
You feel a bit better.
You kill the orc!
The iguana bites you!
You hit the iguana. You headbutt the iguana.
The iguana is heavily wounded.
The iguana bites you.
You hit the iguana but do no damage. Your kick misses the iguana.
The iguana is heavily wounded.
The iguana bites you!
You hit the iguana. Your kick misses the iguana.
Your headbutt misses the iguana.
The iguana is severely wounded.
The iguana bites you!
* * * LOW HITPOINT WARNING * * *
You hit the iguana but do no damage.
The iguana is severely wounded.
The iguana bites you!
You die...

.. #. ... ..# ##. ...... ..
...##.. ..... # .......## ....
.... ........# ... .....
........## ##.. .... #
.........## #..# #..# #
..........### #..# #...# ###
...........l####@.# #...##..
.............##l)## #.......
.........o.......# ##...)..
.................# #...###
................## ##...###
...........#.....## ##.....#
.............†....##
##......## .................##
##........#
.........#.......###..........


You could see an iguana.

Vanquished Creatures
  An ice beast (D:4)
  A phantom (D:4)
  A scorpion (D:4)
  2 hounds (D:5)
  A jelly (D:4)
  An iguana (D:4)
  Natasha (thrice) (D:2)
  5 adders
  4 gnolls (D:3)
  2 ufetubi (D:4)
  2 worms (D:3)
  2 dart slugs
  6 orcs
  9 endoplasms
  4 giant cockroaches
  5 hobgoblins
  8 jackals
  7 kobolds
  6 quokkas
  2 ball pythons
  3 bats
  3 frilled lizards (D:1)
  7 goblins
  3 rats
88 creatures vanquished.

Vanquished Creatures (others)
  A fungus (D:2)
1 creature vanquished.

Grand Total: 89 creatures vanquished

Notes
Turn   | Place    | Note
-------+----------+-------------------------------------------
     0 | D:1      | Timinator the Demigod Transmuter began the quest for the
                  | Orb.
     0 | D:1      | Reached XP level 1. HP: 15/15 MP: 5/5
    10 | D:1      | Noticed an anaconda
    10 | D:1      | Noticed a polar bear
    11 | D:1      | Noticed a komodo dragon
    11 | D:1      | Noticed a scorpion
    86 | D:1      | Reached skill level 1 in Fighting
   482 | D:1      | Reached XP level 2. HP: 23/23 MP: 5/7
   835 | D:1      | Reached skill level 3 in Unarmed Combat
  1046 | D:2      | Noticed Natasha
  1057 | D:2      | Killed Natasha
  1058 | D:2      | Reached XP level 3. HP: 5/28 MP: 6/8
  1080 | D:2      | Noticed Natasha
  1086 | D:2      | Killed Natasha
  1352 | D:2      | Reached skill level 1 in Armour
  1395 | D:2      | Learned a level 2 spell: Wereblood
  1404 | D:2      | Reached XP level 4. HP: 23/35 MP: 6/9
  1681 | D:2      | Noticed Natasha
  1689 | D:2      | Killed Natasha
  1857 | D:2      | Identified the +7 whip of Ru's Outrage {drain, rN+ Will+
                  | rCorr Int-3}
  2184 | D:2      | Found a runed translucent door.
  2185 | D:2      | Noticed Crazy Yiuf
  2899 | D:3      | Reached XP level 5. HP: 40/40 MP: 7/11
  3974 | D:4      | Noticed an ice beast
  3989 | D:4      | Killed an ice beast
  3990 | D:4      | Reached XP level 6. HP: 15/48 MP: 10/13
  4208 | D:4      | HP: 1/48 [phantom (7)]
  5416 | D:4      | Reached skill level 4 in Unarmed Combat
  5486 | D:5      | Entered Level 5 of the Dungeon
  5749 | D:5      | Slain by an iguana

Illustrated notes

Levels and vault maps discovered:
D:1:      onia_arrival_zoo_common, layout_loops_cross
D:2:      layout_loops_ring, basic_altar, uniq_natasha, uniq_crazy_yiuf_cottage
D:3:      layout_loops_cross
D:4:      cheibrodos_barr_body, layout_gridville
D:5:      layout_layer_cave, kennysheep_generic_room_6

Skill      XL: |  1  2  3  4  5  6 |
---------------+-------------------+-----
Fighting       | 1 2 |  2.3
Dodging        | 2 3 |  3.5
Transmutations | 2 3 |  3.7
Unarmed Combat | 3 4 |  4.0
Spellcasting   | 2 |  2.9
Armour         | 1 2 |  2.1

Action                   |  1- 3 |  4- 6 || total
-------------------------+-------+-------++-------
Melee: Unarmed           |    80 |   238 ||   318
       Kick              |    13 |    62 ||    75
       Headbutt          |     9 |    32 ||    41
       Punch             |     2 |     6 ||     8
 Cast: Beastly Appendage |    21 |    42 ||    63
       Wereblood         |     1 |    10 ||    11
  Use: Potion            |     1 |     4 ||     5
       Scroll            |       |     4 ||     4
 Stab: Sleeping          |     2 |     1 ||     3
Armor: Robe              |     8 |    26 ||    34
       Skin              |     2 |       ||     2
Dodge: Dodged            |    42 |   123 ||   165
